cohdb
Replays
Latest Replays
All Replays
Popular Replays
Top Player Replays
Match Explorer
How It Works
Community
CoH3 Stats
Reddit
Sign in to upload your games and track your stats! →
Sign in with Steam
Match 45880764
Unlisted
Match 45880764
Overview
Messages
Build Orders
End
Construct Section Command Post
Royal Engineer Section
Selects Canadian Shock Battlegroup
Dingo Light Scout Car
Vickers Machine Gun Team
Selects Offensive Resupply
Selects Canadian Shock Section
Canadian Shock Section
Construct Platoon Command Post
Selects Incendiary Munitions
Canadian Shock Section
Infantry Training
Selects Pyrotechnics
6-pounder Anti-tank Gun Team
Construct Company Command Post
Matilda II Heavy Tank
Team Weapon Training
Selects Demolition Engineering
Armored Vehicle Training
Matilda II Heavy Tank
Foot Guards Section
Selects Smoke Operation
Construct Field Infirmary
Unlock Towed 17-pounder Anti-tank Guns
Canadian Shock Section
Smoke Operation
Unlock M3 Grant Medium Tanks
Kampfstärke
R5M240
Scherzando
Nostalgia
Skibidi Rizzler
ndydfeixing
NoCommentary
两杆大长枪
0
0
Comments
sign in to comment!
No comments posted yet!